Maple Leafs vs Blackhawks
Created - January 23, 2022 at 22:35
Goals
|
| Maple Leafs |
1 |
0 |
1 |
2 |
| Blackhawks |
0 |
2 |
2 |
4 |
|
Shots
|
| Maple Leafs |
12 |
9 |
11 |
32 |
| Blackhawks |
11 |
13 |
5 |
29 |
|
1st period
1. Maple Leafs , Patrick Kane 10 (Jon Merrill 4) at 10:27
Penalties :
No Penalty
2nd period
2. Blackhawks , Jordan Staal 3 (Johnny Gaudreau 13, Matthew Spiller 3) at 10:08
3. Blackhawks , Antoine Roussel 8 (Derick Brassard 19, John Carlson 5) at 10:47
Penalties :
Antoine Roussel (Chi) for Kneeing (Minor) at 5:43, Beau Bennett (TOR) for High sticking (Minor) at 12:09
3rd period
4. Blackhawks , Blake Wheeler 4 (Jamie McBain 11, Derick Brassard 20) at 11:11
5. Maple Leafs , Claude Giroux 17 (Brayden Schenn 17, Patrick Kane 10) at 13:42
6. Blackhawks , Jamie McBain 2 (Brett Maclean 1, Garnet Hathaway 2) at 19:36
Penalties :
Alexander Frolov (Chi) for Hooking (Minor) at 5:09, Logan Couture (TOR) for Hooking (Minor) at 17:09
Goalie Stats
John Gibson (TOR), 25 saves from 29 shots - (0.862), L, 7-7-0, 60:00 minutes
Tuukka Rask (Chi), 30 saves from 32 shots - (0.938), W, 5-5-5, 60:00 minutes
Players Stats for Maple Leafs
Player Name G A P +/- PIM S H SB GA TA FO MP PP MP PK MP
------------------------------------------------------------------------------------
Andre Burakovsky 0 0 0 -1 0 0 0 1 0 1 0/0 16:37 1:40 0:00
Beau Bennett 0 0 0 -2 2 4 1 0 0 0 0/0 12:05 0:00 0:00
Bo Horvat 0 0 0 -2 0 1 1 0 1 0 2/8 14:01 1:40 0:50
Brandon Saad 0 0 0 -2 0 1 2 0 0 0 0/1 12:59 0:00 0:53
Brayden Schenn 0 1 1 2 0 1 2 0 0 0 20/32 22:11 2:18 2:16
Braydon Coburn 0 0 0 0 0 0 1 0 0 0 0/0 17:41 0:00 2:17
Claude Giroux 1 0 1 1 0 5 1 0 0 0 1/1 21:57 2:18 2:24
Hampus Lindholm 0 0 0 -2 0 4 0 1 1 1 0/0 27:26 2:11 1:41
Jake Guentzel 0 0 0 -2 0 5 3 0 2 0 2/3 18:37 1:40 1:17
John Klingberg 0 0 0 -1 0 0 1 2 0 1 0/0 22:42 2:11 1:41
Jon Merrill 0 1 1 -1 0 1 2 0 0 0 0/0 24:34 1:47 2:17
Logan Couture 0 0 0 -2 2 3 0 0 0 1 5/9 15:40 0:00 0:16
Patrice Cormier 0 0 0 0 0 0 2 0 1 0 1/2 7:31 0:00 0:00
Patrick Kane 1 1 2 2 0 4 1 0 1 2 1/1 19:20 2:18 0:00
Pontus Aberg 0 0 0 0 0 0 2 0 0 0 0/0 7:31 0:00 0:00
Ryan Parent 0 0 0 0 0 2 0 1 1 0 0/0 12:44 0:00 0:00
Tim Schaller 0 0 0 0 0 0 2 0 1 0 0/0 7:31 0:00 0:00
Zach Werenski 0 0 0 0 0 1 0 1 0 0 0/0 14:53 1:47 0:00
Players Stats for Blackhawks
Player Name G A P +/- PIM S H SB GA TA FO MP PP MP PK MP
------------------------------------------------------------------------------------
Alexander Frolov 0 0 0 1 2 1 3 0 0 0 0/0 12:55 0:00 0:43
Antoine Roussel 1 0 1 1 2 4 0 3 0 0 0/0 18:02 1:38 0:53
Blake Wheeler 1 0 1 1 0 1 4 0 0 0 0/1 16:44 1:38 0:00
Brett Maclean 0 1 1 1 0 0 0 0 0 1 0/0 8:09 0:00 0:16
Calvin de Haan 0 0 0 -1 0 1 0 2 0 2 0/0 20:18 1:57 1:27
Dalton Prout 0 0 0 -1 0 0 1 0 0 2 0/0 20:18 1:57 1:27
Derick Brassard 0 2 2 1 0 3 1 1 1 0 8/15 18:19 1:38 1:35
Garnet Hathaway 0 1 1 1 0 0 2 0 0 0 0/0 11:48 0:00 0:00
Jakob Silfverberg 0 0 0 0 0 4 1 0 2 0 0/0 19:37 2:20 0:00
James Wright 0 0 0 0 0 1 3 0 0 0 2/4 11:29 0:00 0:07
Jamie McBain 1 1 2 2 0 2 3 0 0 2 0/0 26:56 2:01 2:31
John Carlson 0 1 1 2 0 0 3 3 1 0 0/0 26:56 2:01 2:31
Johnny Gaudreau 0 1 1 0 0 1 0 0 1 0 1/2 21:44 2:20 2:06
Jordan Staal 1 0 1 0 0 8 2 0 1 0 12/33 22:19 2:20 2:16
Matthew Spiller 0 1 1 1 0 2 0 0 0 1 0/0 12:46 0:00 0:00
Nick Bonino 0 0 0 0 0 0 1 1 0 0 2/2 7:27 0:00 0:00
Nikita Zadorov 0 0 0 1 0 1 1 1 0 0 0/0 12:46 0:00 0:00
Tom Wilson 0 0 0 0 0 0 0 0 0 0 0/0 7:27 0:00 0:00
3 Stars
1 - Jamie McBain (Chi)
2 - Blake Wheeler (Chi)
3 - Patrick Kane (TOR)
Power Play
Maple Leafs - 0 on 2 Attempt(s) - 0.00%
Blackhawks - 0 on 2 Attempt(s) - 0.00%
Penalty Kill
Maple Leafs - 2 on 2 Attempt(s) - 100.00%
- Score 0 goal in Penalty Kill
Blackhawks - 2 on 2 Attempt(s) - 100.00%
- Score 0 goal in Penalty Kill
Team Stat
Maple Leafs - Hits : 21 - Faceoff Wins : 32 - Blocked Shots : 6 - Penalty Minutes : 4
Blackhawks - Hits : 25 - Faceoff Wins : 25 - Blocked Shots : 11 - Penalty Minutes : 4
Official
Referees : Kendrick Nicholson and Peter MacDougall
Linesman : Michel Cormier and Derek Amell
Game Notes
No Game Note
Finance
Level 1 -- Attendance: 6000 (100.00%) -- Ticket Income $600,000
Level 2 -- Attendance: 4860 (97.20%) -- Ticket Income $291,600
Level 3 -- Attendance: 1909 (95.45%) -- Ticket Income $66,815
Level 4 -- Attendance: 3811 (95.28%) -- Ticket Income $95,275
Luxury Box -- Attendance: 973 (97.30%) -- Ticket Income $194,600
Game was played at the United Center.
Total Attendance: 17553 (97.52%)
Total Ticket Income: $1,248,290
Other Income: $187,244
Total Income: $1,435,534
Maple Leafs
5 vs 5 Forward
Center Left Wing Right Wing Time % Phy DF OF
1 Brayden Schenn Claude Giroux Patrick Kane 40 1 2 2
2 Logan Couture Jake Guentzel Andre Burakovsky 30 1 2 2
3 Bo Horvat Brandon Saad Beau Bennett 20 1 2 2
4 Patrice Cormier Tim Schaller Pontus Aberg 10 1 2 2
5 vs 5 Defense
Defense Defense Time % Phy DF OF
1 Hampus Lindholm Jon Merrill 40 1 2 2
2 John Klingberg Braydon Coburn 30 1 2 2
3 Ryan Parent Zach Werenski 20 1 2 2
4 Hampus Lindholm John Klingberg 10 1 2 2
PowerPlay Forward
Center Left Wing Right Wing Time % Phy DF OF
1 Brayden Schenn Claude Giroux Patrick Kane 60 1 2 2
2 Bo Horvat Jake Guentzel Andre Burakovsky 40 1 2 2
PowerPlay Defense
Defense Defense Time % Phy DF OF
1 Hampus Lindholm John Klingberg 60 1 2 2
2 Jon Merrill Zach Werenski 40 1 2 2
Penalty Kill 4 Players Forward
Center Wing Time % Phy DF OF
1 Brayden Schenn Claude Giroux 60 1 2 2
2 Logan Couture Jake Guentzel 40 1 2 2
Penalty Kill 4 Players Defense
Defense Defense Time % Phy DF OF
1 Jon Merrill Braydon Coburn 60 1 2 2
2 Hampus Lindholm John Klingberg 40 1 2 2
Penalty Kill - 3 Players Forward
Forward Time % Phy DF OF
1 Patrice Cormier 60 1 2 2
2 Logan Couture 40 1 2 2
Penalty Kill - 3 Players Defense
Defense Defense Time % Phy DF OF
1 Braydon Coburn Jon Merrill 60 1 2 2
2 Hampus Lindholm John Klingberg 40 1 2 2
4 vs 4 Forward
Center Wing Time % Phy DF OF
1 Brayden Schenn Claude Giroux 60 1 2 2
2 Logan Couture Jake Guentzel 40 1 2 2
4 vs 4 Defense
Defense Defense Time % Phy DF OF
1 Hampus Lindholm John Klingberg 60 1 2 2
2 Jon Merrill Braydon Coburn 40 1 2 2
Last Minutes Offensive
Center Left Wing Right Wing Defense Defense
Brayden Schenn Claude Giroux Patrick Kane Hampus Lindholm John Klingberg
Last Minutes Defensive
Center Left Wing Right Wing Defense Defense
Brayden Schenn Claude Giroux Patrick Kane Braydon Coburn Jon Merrill
Goaltenders
Starting : John Gibson
Backup : Martin Jones
Extra Forwards
Normal : Jake Guentzel, Andre Burakovsky, Bo Horvat - PP : Jake Guentzel, Logan Couture - PK : Jake Guentzel
Extra Defensemen
Normal : Braydon Coburn, Ryan Parent, Zach Werenski - PP : Braydon Coburn - PK : Braydon Coburn, Ryan Parent
Penalty Shots
Claude Giroux, Patrick Kane, Brayden Schenn, Andre Burakovsky, Jake Guentzel
Scratches
None
Blackhawks
5 vs 5 Forward
Center Left Wing Right Wing Time % Phy DF OF
1 Jordan Staal Johnny Gaudreau Jakob Silfverberg 40 1 2 2
2 Derick Brassard Antoine Roussel Blake Wheeler 30 1 2 2
3 James Wright Alexander Frolov Garnet Hathaway 20 1 2 2
4 Nick Bonino Brett Maclean Tom Wilson 10 1 2 2
5 vs 5 Defense
Defense Defense Time % Phy DF OF
1 John Carlson Jamie McBain 40 1 2 2
2 Dalton Prout Calvin de Haan 30 1 2 2
3 Matthew Spiller Nikita Zadorov 20 1 2 2
4 John Carlson Jamie McBain 10 1 2 2
PowerPlay Forward
Center Left Wing Right Wing Time % Phy DF OF
1 Jordan Staal Johnny Gaudreau Jakob Silfverberg 60 1 2 2
2 Derick Brassard Antoine Roussel Blake Wheeler 40 1 2 2
PowerPlay Defense
Defense Defense Time % Phy DF OF
1 John Carlson Jamie McBain 60 1 2 2
2 Dalton Prout Calvin de Haan 40 1 2 2
Penalty Kill 4 Players Forward
Center Wing Time % Phy DF OF
1 Jordan Staal Johnny Gaudreau 60 1 2 2
2 Derick Brassard Antoine Roussel 40 1 2 2
Penalty Kill 4 Players Defense
Defense Defense Time % Phy DF OF
1 John Carlson Jamie McBain 60 1 2 2
2 Dalton Prout Calvin de Haan 40 1 2 2
Penalty Kill - 3 Players Forward
Forward Time % Phy DF OF
1 Jordan Staal 60 1 2 2
2 Derick Brassard 40 1 2 2
Penalty Kill - 3 Players Defense
Defense Defense Time % Phy DF OF
1 John Carlson Jamie McBain 60 1 2 2
2 Dalton Prout Calvin de Haan 40 1 2 2
4 vs 4 Forward
Center Wing Time % Phy DF OF
1 Jordan Staal Johnny Gaudreau 60 1 2 2
2 Derick Brassard Antoine Roussel 40 1 2 2
4 vs 4 Defense
Defense Defense Time % Phy DF OF
1 John Carlson Jamie McBain 60 1 2 2
2 Dalton Prout Calvin de Haan 40 1 2 2
Last Minutes Offensive
Center Left Wing Right Wing Defense Defense
Jordan Staal Johnny Gaudreau Jakob Silfverberg John Carlson Jamie McBain
Last Minutes Defensive
Center Left Wing Right Wing Defense Defense
Jordan Staal Johnny Gaudreau Jakob Silfverberg John Carlson Jamie McBain
Goaltenders
Starting : Tuukka Rask
Backup : Josh Harding
Extra Forwards
Normal : Derick Brassard, Blake Wheeler, Alexander Frolov - PP : Derick Brassard, Blake Wheeler - PK : Derick Brassard
Extra Defensemen
Normal : Calvin de Haan, Matthew Spiller, Nikita Zadorov - PP : Calvin de Haan - PK : Calvin de Haan, Matthew Spiller
Penalty Shots
Johnny Gaudreau, Jakob Silfverberg, Antoine Roussel, Jordan Staal, Derick Brassard
Scratches
Shane O'Brien (Healthy), Stefan Matteau (Separated Left Shoulder Injury)
% Time on Ice - Maple Leafs
Lines # - Real PCT - Wanted PCT - Time Play
Normal Forward
1 - 36% - 40% - 18:37
2 - 29% - 30% - 14:57
3 - 21% - 20% - 10:59
4 - 14% - 10% - 7:31
Normal Defense
1 - 39% - 40% - 20:12
2 - 30% - 30% - 15:39
3 - 24% - 20% - 12:44
4 - 7% - 10% - 3:29
PP Forward
1 - 58% - 60% - 2:18
2 - 42% - 40% - 1:40
PP Defense
1 - 55% - 60% - 2:11
2 - 45% - 40% - 1:47
PK Forward
1 - 83% - 60% - 3:17
2 - 17% - 40% - 0:41
PK Defense
1 - 58% - 60% - 2:17
2 - 42% - 40% - 1:41
PK3 Forward
1 - 0% - 60%
2 - 0% - 40%
PK3 Defense
1 - 0% - 60%
2 - 0% - 40%
44 Forward
1 - 0% - 60%
2 - 0% - 40%
44 Defense
1 - 0% - 60%
2 - 0% - 40%
Last Minute Offensive - 0:00
Last Minute Defensive - 0:00
Total
Forward - 60:00
Defense - 60:00
|
% Time on Ice - Blackhawks
Lines # - Real PCT - Wanted PCT - Time Play
Normal Forward
1 - 34% - 40% - 17:43
2 - 29% - 30% - 15:06
3 - 22% - 20% - 11:22
4 - 14% - 10% - 7:27
Normal Defense
1 - 38% - 40% - 19:43
2 - 33% - 30% - 16:54
3 - 25% - 20% - 12:46
4 - 4% - 10% - 2:15
PP Forward
1 - 59% - 60% - 2:20
2 - 41% - 40% - 1:38
PP Defense
1 - 51% - 60% - 2:01
2 - 49% - 40% - 1:57
PK Forward
1 - 79% - 60% - 3:07
2 - 21% - 40% - 0:51
PK Defense
1 - 63% - 60% - 2:31
2 - 37% - 40% - 1:27
PK3 Forward
1 - 0% - 60%
2 - 0% - 40%
PK3 Defense
1 - 0% - 60%
2 - 0% - 40%
44 Forward
1 - 0% - 60%
2 - 0% - 40%
44 Defense
1 - 0% - 60%
2 - 0% - 40%
Last Minute Offensive - 0:00
Last Minute Defensive - 0:26
Total
Forward - 60:00
Defense - 60:00
|
Play-by-Play
1st period
0:01 of 1st period - Brayden Schenn wins face-off versus Jordan Staal in neutral zone.
0:27 of 1st period - Icing by Jon Merrill.
0:28 of 1st period - Jake Guentzel wins face-off versus Derick Brassard in Maple Leafs zone.
0:57 of 1st period - Slapshot by James Wright.
0:57 of 1st period - Shot Misses the Net.
1:07 of 1st period - Bo Horvat is hit by Garnet Hathaway and loses puck.
2:48 of 1st period - Jordan Staal is hit by Pontus Aberg and loses puck.
2:57 of 1st period - Jordan Staal is hit by Patrice Cormier and loses puck.
3:54 of 1st period - Wrist shot by Bo Horvat.
3:54 of 1st period - Shot Hit the Post.
3:56 of 1st period - Backhand shot by Ryan Parent.
3:56 of 1st period - Stopped by Tuukka Rask without a rebound.
3:57 of 1st period - Jordan Staal wins face-off versus Brayden Schenn in Blackhawks zone.
5:12 of 1st period - Wrist shot by Beau Bennett.
5:12 of 1st period - Stopped by Tuukka Rask without a rebound.
5:13 of 1st period - Jordan Staal wins face-off versus Bo Horvat in Blackhawks zone.
5:13 of 1st period - Jordan Staal is hit by Bo Horvat.
5:55 of 1st period - Slapshot by Jakob Silfverberg.
5:55 of 1st period - Stopped by John Gibson with a rebound.
6:03 of 1st period - Slapshot by Hampus Lindholm.
6:03 of 1st period - Stopped by Tuukka Rask without a rebound.
6:04 of 1st period - Brayden Schenn wins face-off versus Derick Brassard in Blackhawks zone.
6:09 of 1st period - Wrist shot by Brayden Schenn.
6:09 of 1st period - Deflect By Patrick Kane.
6:09 of 1st period - Shot Blocked by John Carlson.
6:09 of 1st period - Puck is out of play.
6:10 of 1st period - Brayden Schenn wins face-off versus Derick Brassard in Blackhawks zone.
6:23 of 1st period - Snap shot by Antoine Roussel.
6:23 of 1st period - Stopped by John Gibson without a rebound.
6:24 of 1st period - Jordan Staal wins face-off versus Logan Couture in Maple Leafs zone.
6:41 of 1st period - Slapshot by Jake Guentzel.
6:41 of 1st period - Stopped by Tuukka Rask with a rebound.
6:53 of 1st period - Snap shot by Derick Brassard.
6:53 of 1st period - Stopped by John Gibson without a rebound.
6:54 of 1st period - Brayden Schenn wins face-off versus Derick Brassard in Maple Leafs zone.
6:54 of 1st period - Brayden Schenn is hit by Blake Wheeler.
7:12 of 1st period - Snap shot by Claude Giroux.
7:12 of 1st period - Stopped by Tuukka Rask with a rebound.
7:20 of 1st period - Slapshot by Claude Giroux.
7:20 of 1st period - Shot Misses the Net.
7:22 of 1st period - Slapshot by Hampus Lindholm.
7:22 of 1st period - Deflect By Patrick Kane.
7:22 of 1st period - Stopped by Tuukka Rask without a rebound.
7:23 of 1st period - Logan Couture wins face-off versus Jordan Staal in Blackhawks zone.
7:58 of 1st period - Hampus Lindholm is hit by Jamie McBain and loses puck.
8:07 of 1st period - Hampus Lindholm is hit by Garnet Hathaway and loses puck.
8:25 of 1st period - Off-side.
8:26 of 1st period - Logan Couture wins face-off versus Jordan Staal in neutral zone.
8:26 of 1st period - Logan Couture is hit by Jakob Silfverberg.
8:53 of 1st period - Claude Giroux is hit by Blake Wheeler and loses puck.
9:35 of 1st period - Calvin de Haan is hit by Patrice Cormier and loses puck.
10:27 of 1st period - Wrist shot by Patrick Kane.
10:27 of 1st period - Goal by Patrick Kane - Maple Leafs : 1 - Blackhawks : 0.
10:28 of 1st period - Brayden Schenn wins face-off versus Derick Brassard in neutral zone.
11:21 of 1st period - Snap shot by Jordan Staal.
11:21 of 1st period - Shot Blocked by Andre Burakovsky.
11:23 of 1st period - Snap shot by Jordan Staal.
11:23 of 1st period - Stopped by John Gibson without a rebound.
11:24 of 1st period - Brayden Schenn wins face-off versus Jordan Staal in Maple Leafs zone.
11:33 of 1st period - Slapshot by Hampus Lindholm.
11:33 of 1st period - Stopped by Tuukka Rask with a rebound.
11:56 of 1st period - Andre Burakovsky is hit by John Carlson and loses puck.
12:17 of 1st period - Snap shot by Beau Bennett.
12:17 of 1st period - Stopped by Tuukka Rask without a rebound.
12:18 of 1st period - Bo Horvat wins face-off versus Jordan Staal in Blackhawks zone.
13:36 of 1st period - Icing by Pontus Aberg.
13:37 of 1st period - Patrice Cormier wins face-off versus Jordan Staal in Maple Leafs zone.
13:49 of 1st period - Off-side.
13:50 of 1st period - Johnny Gaudreau wins face-off versus Brayden Schenn in neutral zone.
13:57 of 1st period - Wrist shot by Johnny Gaudreau.
13:57 of 1st period - Stopped by John Gibson without a rebound.
13:58 of 1st period - Jordan Staal wins face-off versus Brayden Schenn in Maple Leafs zone.
14:13 of 1st period - Wrist shot by Jakob Silfverberg.
14:13 of 1st period - Stopped by John Gibson without a rebound.
14:14 of 1st period - Logan Couture wins face-off versus Blake Wheeler in Maple Leafs zone.
14:21 of 1st period - Wrist shot by Jake Guentzel.
14:21 of 1st period - Stopped by Tuukka Rask with a rebound.
14:23 of 1st period - Slapshot by Logan Couture.
14:23 of 1st period - Shot Misses the Net.
15:02 of 1st period - Icing by Ryan Parent.
15:03 of 1st period - James Wright wins face-off versus Bo Horvat in Maple Leafs zone.
15:12 of 1st period - Wrist shot by James Wright.
15:12 of 1st period - Stopped by John Gibson with a rebound.
16:27 of 1st period - Snap shot by Calvin de Haan.
16:27 of 1st period - Stopped by John Gibson without a rebound.
16:28 of 1st period - Derick Brassard wins face-off versus Brayden Schenn in Maple Leafs zone.
17:36 of 1st period - Backhand shot by Pontus Aberg.
17:36 of 1st period - Deflect By Patrice Cormier.
17:36 of 1st period - Shot Blocked by Nick Bonino.
17:36 of 1st period - Puck is out of play.
17:37 of 1st period - Nick Bonino wins face-off versus Patrice Cormier in Blackhawks zone.
18:28 of 1st period - Slapshot by Jordan Staal.
18:28 of 1st period - Stopped by John Gibson with a rebound.
18:50 of 1st period - Jon Merrill is hit by John Carlson and loses puck.
19:21 of 1st period - Wrist shot by Jake Guentzel.
19:21 of 1st period - Stopped by Tuukka Rask with a rebound.
19:23 of 1st period - Wrist shot by Logan Couture.
19:23 of 1st period - Deflect By Jake Guentzel.
19:23 of 1st period - Stopped by Tuukka Rask with a rebound.
19:52 of 1st period - Wrist shot by Antoine Roussel.
19:52 of 1st period - Deflect By Derick Brassard.
19:52 of 1st period - Stopped by John Gibson with a rebound.
19:54 of 1st period - Slapshot by Matthew Spiller.
19:54 of 1st period - Stopped by John Gibson with a rebound.
Goals for this period are 1 for Maple Leafs vs 0 for Blackhawks.
Shots for this period are 12 for Maple Leafs vs 11 for Blackhawks.
2nd period
0:01 of 2nd period - Claude Giroux wins face-off versus Jordan Staal in neutral zone.
0:34 of 2nd period - Slapshot by Hampus Lindholm.
0:34 of 2nd period - Stopped by Tuukka Rask without a rebound.
0:35 of 2nd period - Bo Horvat wins face-off versus Derick Brassard in Blackhawks zone.
0:36 of 2nd period - Snap shot by Beau Bennett.
0:36 of 2nd period - Deflect By Derick Brassard.
0:36 of 2nd period - Stopped by Tuukka Rask without a rebound.
0:37 of 2nd period - Brayden Schenn wins face-off versus Jordan Staal in Blackhawks zone.
0:52 of 2nd period - Johnny Gaudreau is hit by Brayden Schenn and loses puck.
1:29 of 2nd period - Snap shot by James Wright.
1:29 of 2nd period - Shot Misses the Net.
1:31 of 2nd period - Slapshot by Nikita Zadorov.
1:31 of 2nd period - Stopped by John Gibson with a rebound.
1:33 of 2nd period - Slapshot by Matthew Spiller.
1:33 of 2nd period - Stopped by John Gibson without a rebound.
1:34 of 2nd period - Brayden Schenn wins face-off versus Jordan Staal in Maple Leafs zone.
2:01 of 2nd period - Andre Burakovsky is hit by Blake Wheeler.
2:05 of 2nd period - Backhand shot by Jon Merrill.
2:05 of 2nd period - Shot Blocked by John Carlson.
2:07 of 2nd period - Backhand shot by Logan Couture.
2:07 of 2nd period - Stopped by Tuukka Rask with a rebound.
2:09 of 2nd period - Snap shot by Braydon Coburn.
2:09 of 2nd period - Shot Blocked by Antoine Roussel.
2:11 of 2nd period - Slapshot by Andre Burakovsky.
2:11 of 2nd period - Shot Blocked by Antoine Roussel.
2:13 of 2nd period - Snap shot by Logan Couture.
2:13 of 2nd period - Shot Misses the Net.
2:33 of 2nd period - Zach Werenski is hit by Alexander Frolov.
2:43 of 2nd period - Tim Schaller is hit by Nick Bonino and loses puck.
3:05 of 2nd period - Off-side.
3:06 of 2nd period - Brayden Schenn wins face-off versus Johnny Gaudreau in neutral zone.
3:14 of 2nd period - Off-side.
3:15 of 2nd period - Jordan Staal wins face-off versus Brayden Schenn in neutral zone.
3:30 of 2nd period - Backhand shot by Brayden Schenn.
3:30 of 2nd period - Stopped by Tuukka Rask without a rebound.
3:31 of 2nd period - Derick Brassard wins face-off versus Jake Guentzel in Blackhawks zone.
3:40 of 2nd period - Wrist shot by Blake Wheeler.
3:40 of 2nd period - Shot Blocked by John Klingberg.
5:24 of 2nd period - Wrist shot by Patrick Kane.
5:24 of 2nd period - Stopped by Tuukka Rask with a rebound.
5:36 of 2nd period - Snap shot by Brayden Schenn.
5:36 of 2nd period - Deflect By Jamie McBain.
5:36 of 2nd period - Shot Blocked by John Carlson.
5:36 of 2nd period - Puck is out of play.
5:37 of 2nd period - Derick Brassard wins face-off versus Bo Horvat in Blackhawks zone.
5:43 of 2nd period - Minor Penalty to Antoine Roussel for Kneeing.
5:44 of 2nd period - Brayden Schenn wins face-off versus Jordan Staal in Blackhawks zone.
7:43 of 2nd period - Penalty to Antoine Roussel is over, Antoine Roussel is back on ice.
7:57 of 2nd period - Nikita Zadorov is hit by Pontus Aberg and loses puck.
9:01 of 2nd period - Claude Giroux is hit by Jordan Staal and loses puck.
9:14 of 2nd period - Brayden Schenn is hit by Jamie McBain.
10:04 of 2nd period - Slapshot by Jordan Staal.
10:04 of 2nd period - Shot Misses the Net.
10:06 of 2nd period - Snap shot by Jordan Staal.
10:06 of 2nd period - Stopped by John Gibson with a rebound.
10:08 of 2nd period - Wrist shot by Johnny Gaudreau.
10:08 of 2nd period - Deflect By Jordan Staal.
10:08 of 2nd period - Goal by Jordan Staal - Maple Leafs : 1 - Blackhawks : 1.
10:09 of 2nd period - Brayden Schenn wins face-off versus Jordan Staal in neutral zone.
10:24 of 2nd period - Snap shot by Jordan Staal.
10:24 of 2nd period - Stopped by John Gibson with a rebound.
10:26 of 2nd period - Snap shot by Jordan Staal.
10:26 of 2nd period - Stopped by John Gibson with a rebound.
10:45 of 2nd period - Wrist shot by Derick Brassard.
10:45 of 2nd period - Stopped by John Gibson with a rebound.
10:47 of 2nd period - Wrist shot by Antoine Roussel.
10:47 of 2nd period - Goal by Antoine Roussel - Maple Leafs : 1 - Blackhawks : 2.
10:48 of 2nd period - Jordan Staal wins face-off versus Brayden Schenn in neutral zone.
10:51 of 2nd period - Claude Giroux is hit by Jamie McBain and loses puck.
11:45 of 2nd period - Jamie McBain is hit by Tim Schaller and loses puck.
12:09 of 2nd period - Minor Penalty to Beau Bennett for High sticking.
12:10 of 2nd period - Jordan Staal wins face-off versus Brayden Schenn in Maple Leafs zone.
12:18 of 2nd period - Snap shot by Jakob Silfverberg.
12:18 of 2nd period - Deflect By Jordan Staal.
12:18 of 2nd period - Deflect By Claude Giroux.
12:18 of 2nd period - Stopped by John Gibson with a rebound.
12:20 of 2nd period - Wrist shot by Jakob Silfverberg.
12:20 of 2nd period - Shot Misses the Net.
12:22 of 2nd period - Slapshot by Dalton Prout.
12:22 of 2nd period - Deflect By Jordan Staal.
12:22 of 2nd period - Shot Misses the Net.
12:22 of 2nd period - Puck is out of play.
12:23 of 2nd period - Jordan Staal wins face-off versus Brayden Schenn in Maple Leafs zone.
12:28 of 2nd period - Wrist shot by Jordan Staal.
12:28 of 2nd period - Shot Misses the Net.
12:36 of 2nd period - Wrist shot by Jakob Silfverberg.
12:36 of 2nd period - Stopped by John Gibson with a rebound.
12:38 of 2nd period - Snap shot by Jakob Silfverberg.
12:38 of 2nd period - Stopped by John Gibson without a rebound.
12:39 of 2nd period - Jordan Staal wins face-off versus Brayden Schenn in Maple Leafs zone.
12:53 of 2nd period - Slapshot by Jamie McBain.
12:53 of 2nd period - Stopped by John Gibson with a rebound.
13:32 of 2nd period - Jordan Staal is hit by John Klingberg.
13:48 of 2nd period - John Carlson is hit by Brandon Saad and loses puck.
14:09 of 2nd period - Penalty to Beau Bennett is over, Beau Bennett is back on ice.
14:13 of 2nd period - Brayden Schenn is hit by Alexander Frolov and loses puck.
14:42 of 2nd period - Brayden Schenn is hit by Nikita Zadorov and loses puck.
15:09 of 2nd period - Ryan Parent is hit by Dalton Prout.
15:23 of 2nd period - Johnny Gaudreau is hit by Jake Guentzel and loses puck.
15:28 of 2nd period - Snap shot by Andre Burakovsky.
15:28 of 2nd period - Shot Blocked by Calvin de Haan.
15:30 of 2nd period - Slapshot by Ryan Parent.
15:30 of 2nd period - Stopped by Tuukka Rask without a rebound.
15:31 of 2nd period - Derick Brassard wins face-off versus Logan Couture in Blackhawks zone.
15:58 of 2nd period - Tim Schaller is hit by James Wright and loses puck.
16:05 of 2nd period - John Carlson is hit by Tim Schaller and loses puck.
17:20 of 2nd period - Jakob Silfverberg is hit by Patrick Kane and loses puck.
17:59 of 2nd period - Logan Couture is hit by James Wright and loses puck.
18:10 of 2nd period - James Wright is hit by Jake Guentzel and loses puck.
18:39 of 2nd period - Slapshot by Andre Burakovsky.
18:39 of 2nd period - Shot Blocked by Nikita Zadorov.
18:41 of 2nd period - Snap shot by Logan Couture.
18:41 of 2nd period - Stopped by Tuukka Rask with a rebound.
19:01 of 2nd period - Wrist shot by Zach Werenski.
19:01 of 2nd period - Deflect By Matthew Spiller.
19:01 of 2nd period - Stopped by Tuukka Rask without a rebound.
19:02 of 2nd period - Brayden Schenn wins face-off versus Jordan Staal in Blackhawks zone.
19:05 of 2nd period - Snap shot by Claude Giroux.
19:05 of 2nd period - Stopped by Tuukka Rask with a rebound.
19:29 of 2nd period - Hampus Lindholm is hit by John Carlson and loses puck.
19:40 of 2nd period - Slapshot by Antoine Roussel.
19:40 of 2nd period - Stopped by John Gibson with a rebound.
Goals for this period are 0 for Maple Leafs vs 2 for Blackhawks.
Shots for this period are 9 for Maple Leafs vs 13 for Blackhawks.
3rd period
0:01 of 3rd period - Patrick Kane wins face-off versus Jordan Staal in neutral zone.
0:26 of 3rd period - Andre Burakovsky is hit by Derick Brassard and loses puck.
1:09 of 3rd period - Backhand shot by Bo Horvat.
1:09 of 3rd period - Stopped by Tuukka Rask with a rebound.
1:11 of 3rd period - Snap shot by Jon Merrill.
1:11 of 3rd period - Stopped by Tuukka Rask without a rebound.
1:12 of 3rd period - Brayden Schenn wins face-off versus Jordan Staal in Blackhawks zone.
1:39 of 3rd period - Nikita Zadorov is hit by Jake Guentzel and loses puck.
2:07 of 3rd period - John Klingberg is hit by James Wright.
2:13 of 3rd period - Jamie McBain is hit by Beau Bennett and loses puck.
3:15 of 3rd period - Snap shot by Antoine Roussel.
3:15 of 3rd period - Deflect By Derick Brassard.
3:15 of 3rd period - Shot Misses the Net.
3:15 of 3rd period - Puck is out of play.
3:16 of 3rd period - Jordan Staal wins face-off versus Logan Couture in Maple Leafs zone.
3:19 of 3rd period - Wrist shot by Jordan Staal.
3:19 of 3rd period - Stopped by John Gibson without a rebound.
3:20 of 3rd period - Jake Guentzel wins face-off versus Jordan Staal in Maple Leafs zone.
3:35 of 3rd period - Snap shot by Jake Guentzel.
3:35 of 3rd period - Stopped by Tuukka Rask with a rebound.
3:37 of 3rd period - Snap shot by Andre Burakovsky.
3:37 of 3rd period - Shot Misses the Net.
3:55 of 3rd period - Snap shot by Derick Brassard.
3:55 of 3rd period - Shot Blocked by Zach Werenski.
3:57 of 3rd period - Slapshot by Jamie McBain.
3:57 of 3rd period - Deflect By Antoine Roussel.
3:57 of 3rd period - Shot Blocked by Ryan Parent.
3:57 of 3rd period - Puck is out of play.
3:58 of 3rd period - Derick Brassard wins face-off versus Bo Horvat in Maple Leafs zone.
4:51 of 3rd period - Wrist shot by Alexander Frolov.
4:51 of 3rd period - Stopped by John Gibson without a rebound.
4:52 of 3rd period - Logan Couture wins face-off versus James Wright in Maple Leafs zone.
4:52 of 3rd period - Logan Couture is hit by Alexander Frolov.
5:09 of 3rd period - Minor Penalty to Alexander Frolov for Hooking.
5:10 of 3rd period - Brayden Schenn wins face-off versus Jordan Staal in Blackhawks zone.
5:22 of 3rd period - Snap shot by Claude Giroux.
5:22 of 3rd period - Stopped by Tuukka Rask without a rebound.
5:23 of 3rd period - Brayden Schenn wins face-off versus Jordan Staal in Blackhawks zone.
5:24 of 3rd period - Snap shot by Claude Giroux.
5:24 of 3rd period - Deflect By Patrick Kane.
5:24 of 3rd period - Stopped by Tuukka Rask with a rebound.
5:26 of 3rd period - Wrist shot by Patrick Kane.
5:26 of 3rd period - Shot Misses the Net.
5:28 of 3rd period - Backhand shot by Claude Giroux.
5:28 of 3rd period - Shot Misses the Net.
6:02 of 3rd period - Snap shot by Hampus Lindholm.
6:02 of 3rd period - Shot Blocked by Derick Brassard.
7:04 of 3rd period - Jamie McBain is hit by Jon Merrill and loses puck.
7:09 of 3rd period - Penalty to Alexander Frolov is over, Alexander Frolov is back on ice.
7:36 of 3rd period - Off-side.
7:37 of 3rd period - Nick Bonino wins face-off versus Brandon Saad in neutral zone.
7:58 of 3rd period - Garnet Hathaway is hit by Braydon Coburn and loses puck.
8:05 of 3rd period - Snap shot by Jake Guentzel.
8:05 of 3rd period - Shot Misses the Net.
8:07 of 3rd period - Slapshot by Jake Guentzel.
8:07 of 3rd period - Shot Misses the Net.
8:57 of 3rd period - Snap shot by Antoine Roussel.
8:57 of 3rd period - Stopped by John Gibson without a rebound.
8:58 of 3rd period - Derick Brassard wins face-off versus Bo Horvat in Maple Leafs zone.
9:59 of 3rd period - Icing by Andre Burakovsky.
10:00 of 3rd period - Logan Couture wins face-off versus Jordan Staal in Maple Leafs zone.
10:27 of 3rd period - Snap shot by Jake Guentzel.
10:27 of 3rd period - Shot Misses the Net.
10:30 of 3rd period - Icing by Jakob Silfverberg.
10:31 of 3rd period - Brayden Schenn wins face-off versus Jordan Staal in Blackhawks zone.
10:40 of 3rd period - Snap shot by Brayden Schenn.
10:40 of 3rd period - Shot Hit the Post.
11:05 of 3rd period - Snap shot by Derick Brassard.
11:05 of 3rd period - Shot Misses the Net.
11:07 of 3rd period - Snap shot by Blake Wheeler.
11:07 of 3rd period - Shot Misses the Net.
11:09 of 3rd period - Slapshot by Jamie McBain.
11:09 of 3rd period - Shot Blocked by Hampus Lindholm.
11:11 of 3rd period - Snap shot by Blake Wheeler.
11:11 of 3rd period - Goal by Blake Wheeler - Maple Leafs : 1 - Blackhawks : 3.
11:12 of 3rd period - Brayden Schenn wins face-off versus Derick Brassard in neutral zone.
11:25 of 3rd period - Dalton Prout is hit by Jon Merrill and loses puck.
12:00 of 3rd period - Garnet Hathaway is hit by Brandon Saad and loses puck.
12:52 of 3rd period - Off-side.
12:53 of 3rd period - Jordan Staal wins face-off versus Logan Couture in neutral zone.
13:27 of 3rd period - Wrist shot by Claude Giroux.
13:27 of 3rd period - Stopped by Tuukka Rask without a rebound.
13:28 of 3rd period - Derick Brassard wins face-off versus Brayden Schenn in Blackhawks zone.
13:28 of 3rd period - Derick Brassard is hit by Claude Giroux.
13:38 of 3rd period - Wrist shot by Claude Giroux.
13:38 of 3rd period - Shot Misses the Net.
13:42 of 3rd period - Snap shot by Claude Giroux.
13:42 of 3rd period - Goal by Claude Giroux - Maple Leafs : 2 - Blackhawks : 3.
13:43 of 3rd period - Jordan Staal wins face-off versus Brayden Schenn in neutral zone.
14:19 of 3rd period - Snap shot by Logan Couture.
14:19 of 3rd period - Stopped by Tuukka Rask with a rebound.
14:29 of 3rd period - Wrist shot by James Wright.
14:29 of 3rd period - Shot Misses the Net.
14:35 of 3rd period - Slapshot by Ryan Parent.
14:35 of 3rd period - Deflect By Beau Bennett.
14:35 of 3rd period - Stopped by Tuukka Rask without a rebound.
14:36 of 3rd period - James Wright wins face-off versus Brayden Schenn in Blackhawks zone.
14:45 of 3rd period - Alexander Frolov is hit by Brayden Schenn and loses puck.
14:52 of 3rd period - Snap shot by Patrick Kane.
14:52 of 3rd period - Shot Misses the Net.
15:02 of 3rd period - Zach Werenski is hit by Jordan Staal and loses puck.
15:29 of 3rd period - Snap shot by Brandon Saad.
15:29 of 3rd period - Stopped by Tuukka Rask without a rebound.
15:30 of 3rd period - Derick Brassard wins face-off versus Bo Horvat in Blackhawks zone.
15:47 of 3rd period - Bo Horvat is hit by Blake Wheeler and loses puck.
16:29 of 3rd period - Slapshot by Hampus Lindholm.
16:29 of 3rd period - Shot Blocked by Calvin de Haan.
16:31 of 3rd period - Wrist shot by Bo Horvat.
16:31 of 3rd period - Shot Misses the Net.
16:33 of 3rd period - Slapshot by Jon Merrill.
16:33 of 3rd period - Shot Blocked by Antoine Roussel.
16:35 of 3rd period - Snap shot by Hampus Lindholm.
16:35 of 3rd period - Stopped by Tuukka Rask without a rebound.
16:36 of 3rd period - Brayden Schenn wins face-off versus Jordan Staal in Blackhawks zone.
17:09 of 3rd period - Minor Penalty to Logan Couture for Hooking.
17:10 of 3rd period - Brayden Schenn wins face-off versus Jordan Staal in Maple Leafs zone.
19:09 of 3rd period - Penalty to Logan Couture is over, Logan Couture is back on ice.
19:30 of 3rd period - Slapshot by Brett Maclean.
19:30 of 3rd period - Shot Misses the Net.
19:32 of 3rd period - Wrist shot by Garnet Hathaway.
19:32 of 3rd period - Shot Blocked by John Klingberg.
19:34 of 3rd period - Wrist shot by Brett Maclean.
19:34 of 3rd period - Shot Misses the Net.
19:36 of 3rd period - Wrist shot by Jamie McBain.
19:36 of 3rd period - Goal by Jamie McBain - Maple Leafs : 2 - Blackhawks : 4.
19:37 of 3rd period - Brayden Schenn wins face-off versus James Wright in neutral zone.
19:58 of 3rd period - Wrist shot by Calvin de Haan.
19:58 of 3rd period - Shot Misses the Net.
Goals for this period are 1 for Maple Leafs vs 2 for Blackhawks.
Shots for this period are 11 for Maple Leafs vs 5 for Blackhawks.
Output by the SimonT Hockey Simulator (STHS) for Francois Prevost